 Dungeon Crawl Stone Soup version 0.20-a0-2-g2b0e13a (webtiles) character file.

3188 Leibowitz the Spear-Bearer (level 9, -3/74 HPs)
             Began as a Demigod Gladiator on Oct 29, 2016.
             Killed from afar by Erica (24 damage)
             ... with an orb of energy
             ... on level 8 of the Dungeon.
             The game lasted 00:31:57 (8223 turns).

Leibowitz the Spear-Bearer (Demigod Gladiator)      Turns: 8223, Time: 00:31:57

Health: -3/74      AC:  7    Str: 20    XL:     9   Next: 37%
Magic:  11/11      EV: 16    Int: 12    God:
Gold:   341        SH:  0    Dex: 20    Spells: 0 memorised, 8 levels left

rFire  . . .     SeeInvis .     a - +2 halberd (venom)
rCold  . . .     Gourm    .     b - +0 leather armour
rNeg   . . .     Faith    .     (shield currently unavailable)
rPois  +         Spirit   .     c - +1 helmet
rElec  .         Reflect  .     (no cloak)
rCorr  .         Harm     +     e - +0 pair of gloves
MR     .....                    G - +0 pair of boots
Stlth  +++.......               s - amulet of harm
                                w - +2 ring of evasion
                                r - ring of poison resistance

@: no status effects
A: high mp 1
a: no special abilities


You were on level 8 of the Dungeon.
You were not hungry.

You visited 2 branches of the dungeon, and saw 9 of its levels.
You also visited: Ossuary.

You collected 341 gold pieces.

Inventory:

Hand Weapons
 a - a +2 halberd of venom (weapon)
 j - a +0 trident
 x - a +0 scythe
Missiles
 d - 2 throwing nets (quivered)
 o - 63 poisoned needles
Armour
 b - a +0 leather armour (worn)
 c - a +1 helmet (worn)
 e - a +0 pair of gloves (worn)
 G - a +0 pair of boots (worn)
Jewellery
 r - a ring of poison resistance (left hand)
 s - an amulet of harm (around neck)
 u - an uncursed ring of positive energy
 w - a +2 ring of evasion (right hand)
 z - an uncursed ring of magical power
 D - an uncursed ring of fire
 H - an uncursed amulet of magic regeneration {unknown}
 J - an uncursed ring of wizardry
Wands
 g - a wand of disintegration (8/24)
Scrolls
 i - a scroll of fog
 k - 5 scrolls of identify
 l - a scroll of noise
 m - 6 scrolls of amnesia
 q - 3 scrolls of teleportation
 y - 4 scrolls of remove curse
 E - a scroll of random uselessness {unknown}
 F - a scroll of enchant weapon
 I - a scroll of enchant armour
Potions
 h - 2 potions of curing
 t - a potion of cancellation
 v - a potion of invisibility
 B - a potion of haste
Comestibles
 f - 7 bread rations
 n - 3 beef jerkies
 p - a slice of pizza
 A - a royal jelly
 C - 4 meat rations
 K - 5 chunks of flesh


   Skills:
 + Level 5.2 Fighting
 + Level 9.3 Polearms
 + Level 2.0 Throwing
 + Level 3.5 Armour
 + Level 4.2 Dodging
 + Level 5.1 Stealth


You had 8 spell levels left.
You didn't know any spells.

Dungeon Overview and Level Annotations

Branches:
Dungeon (8/15)             Temple (1/1) D:4
   Lair: D:8-11

Annotations:
D:8 Erica


Innate Abilities, Weirdness & Mutations

You have an increased reservoir of magic. (+10% MP)


Message History

Erica is heavily wounded.
Something barely misses you. The orc priest barely misses you.
Erica hits you but does no damage. Something hits you but does no damage.
You closely miss Erica.
Erica is severely wounded.
Something hits you.
The orc priest looks braver for a moment.
Erica gestures wildly while chanting.
Erica flickers and vanishes!
You miss something.
Something hits you but does no damage. x2
The orc priest looks encouraged for a moment.
Something hits you! Something burns you.
A magic dart appears from out of thin air!
The magic dart hits you!
* * * LOW HITPOINT WARNING * * *
There is a stone staircase leading up here.
You hear some strange, mumbled words.
An orb of energy appears from out of thin air!
The orb of energy hits you!
You die...

#.........
#.........
#......... #
#.........
#.##..[......
#.#...o......
#...{).......
###.########.
#@# #.# #.#
#.. ###


There were no monsters in sight!

Vanquished Creatures
  A spriggan (D:7)
  Sigmund (D:2)
  An orc warrior (D:7)
  2 ice beasts
  5 ogres
  6 centaurs
  3 bullfrogs
  The ghost of bezhaha the Ruffian, an amateur VSMo (D:4)
  3 water moccasin zombies (Ossuary)
  3 scorpions
  5 killer bees (D:7)
  A howler monkey (D:4)
  2 crimson imps
  A bullfrog zombie (D:5)
  A jelly (D:6)
  3 orc wizards
  An orc priest (D:7)
  A centaur skeleton (D:4)
  2 hounds
  Jessica (D:2)
  2 iguanas
  4 worker ants
  2 big kobold zombies (Ossuary)
  A hound skeleton (D:4)
  2 mummies (Ossuary)
  A howler monkey zombie (D:7)
  A worker ant zombie (D:7)
  4 gnolls
  10 adders
  A shadow imp (D:5)
  6 adder zombies
  4 worms
  4 dart slugs
  3 leopard geckos
  17 orcs
  2 ball pythons
  3 bats (D:1)
  3 giant cockroaches
  13 goblins
  11 hobgoblins
  2 jackals (D:3)
  4 kobolds
  4 quokkas
  A frilled lizard (D:3)
  2 goblin zombies (D:4)
  4 hobgoblin zombies (Ossuary)
  4 kobold zombies (Ossuary)
  A leopard gecko skeleton (D:5)
  A leopard gecko zombie (D:6)
  5 orc zombies (Ossuary)
  A quokka zombie (D:7)
  10 rats
  A plant (D:7)
178 creatures vanquished.

Vanquished Creatures (others)
  A leopard gecko (D:8)
1 creature vanquished.

Grand Total: 179 creatures vanquished

Notes
Turn   | Place    | Note
-------+----------+-------------------------------------------
     0 | D:1      | Leibowitz the Demigod Gladiator began the quest for the Orb.
     0 | D:1      | Reached XP level 1. HP: 17/17 MP: 3/3
   141 | D:1      | Reached XP level 2. HP: 22/24 MP: 4/4
   171 | D:1      | Reached skill level 3 in Polearms
   923 | D:2      | Reached XP level 3. HP: 26/29 MP: 5/5
  1527 | D:2      | Noticed Jessica
  1532 | D:2      | Noticed Sigmund
  1575 | D:2      | Reached skill level 1 in Armour
  1672 | D:2      | Reached XP level 4. HP: 33/36 MP: 6/6
  1725 | D:2      | Reached skill level 1 in Stealth
  1798 | D:2      | Killed Sigmund
  1798 | D:2      | Reached skill level 4 in Polearms
  1798 | D:2      | Reached XP level 5. HP: 13/41 MP: 7/7
  2475 | D:2      | Killed Jessica
  2518 | D:3      | Reached XP level 6. HP: 49/49 MP: 8/8
  2795 | D:3      | Reached skill level 5 in Polearms
  3081 | D:3      | Found a glowing silver altar of Zin.
  3150 | D:4      | Found a sand-covered staircase.
  3166 | Ossuary  | Entered an ossuary
  3388 | Ossuary  | Reached XP level 7. HP: 38/57 MP: 9/9
  3691 | D:4      | Reached skill level 6 in Polearms
  3712 | D:4      | Noticed bezhaha's ghost (amateur VSMo)
  4536 | D:4      | Found a staircase to the Ecumenical Temple.
  4546 | Temple   | Entered the Ecumenical Temple
  5060 | D:4      | Killed bezhaha's ghost
  5060 | D:4      | Reached skill level 7 in Polearms
  5060 | D:4      | Reached XP level 8. HP: 54/66 MP: 10/10
  5076 | D:5      | Entered Level 5 of the Dungeon
  6101 | D:6      | Reached skill level 8 in Polearms
  7147 | D:7      | Reached XP level 9. HP: 50/72 MP: 11/11
  7365 | D:7      | Found a blossoming altar of Fedhas.
  7453 | D:7      | Reached skill level 5 in Fighting
  7453 | D:7      | Reached skill level 9 in Polearms
  7696 | D:7      | Reached skill level 5 in Stealth
  8056 | D:8      | Noticed Erica
  8223 | D:8      | Killed from afar by Erica

Vault maps used:
D:1:      dpeg_arrival_pond
D:2:      minivault_25, uniq_jessica, uniq_sigmund
D:3:      zin_statuary, minmay_ogre_servants
D:4:      enter_ossuary_3
D:5:      first_bread
D:6:      nicolae_whirlpool
D:7:      the_bakery, fedhas_altar_3
D:8:      lemuel_flame_loot_1, uniq_erica, uniq_pikel
Temple:   nicolae_temple_elliptical
Ossuary:  ossuary_tomb_2

Skill      XL: |  1  2  3  4  5  6  7  8  9 |
---------------+----------------------------+-----
Polearms       | 3 4 5 7 8 9 |  9.3
Dodging        | 3 4 |  4.2
Throwing       | 2 |  2.0
Fighting       | 2 3 4 5 |  5.2
Armour         | 1 2 3 |  3.5
Stealth        | 2 3 4 5 |  5.1

Action                   |  1- 3 |  4- 6 |  7- 9 || total
-------------------------+-------+-------+-------++-------
Melee: Trident           |   110 |    47 |    21 ||   178
       Halberd           |       |   116 |   234 ||   350
Throw: Throwing net      |       |     3 |       ||     3
  Use: Potion            |       |     7 |     5 ||    12
       Scroll            |       |       |    12 ||    12
 Stab: Sleeping          |     3 |     3 |    11 ||    17
       Distracted        |     1 |       |     3 ||     4
       Held in net/web   |       |     3 |       ||     3
  Eat: Chunk             |     2 |     6 |    16 ||    24
Armor: Leather armour    |    22 |    33 |    47 ||   102
Dodge: Dodged            |    74 |   105 |   183 ||   362
